AoeStats
← FireMedic13

Arabia

503922720Analyzed
1v1 RM · 1mo ago on Sep 3, 2026· 20m 9s· 2 players
Game mode
Random Map
Map size
Tiny (2 player)
Population
200
Speed
Normal
Resources
Standard
Victory
Conquest
Starting age
Dark Age
Ending age
Imperial Age
RankedLock teamsTeams togetherTeam positionsShared explorationLock speedFull tech treeHidden civsTurbo modeCheats
Victory
Defeat
🇧🇷 Maya · Brazil
887
+27
🇺🇸 Huns · United States
906
-48
Rocco
0:26 Loom
10:56 Feudal Age
11:21 Double-Bit Axe
13:52 Fletching
FireMedic13
2:40 Loom
13:14 Feudal Age
13:38 Horse Collar
13:48 Double-Bit Axe
14:27 Gold Mining
14:57 Town Watch
16:51 Wheelbarrow
Connection lost

Rejoining the realm…

Still unreachable

The connection could not be restored.

Session expired

The server has moved on; the page needs a fresh start.